Map: Abiogenesis LE

Players

Juxtapose - Winner!

  • Race: Protoss Protoss
  • League: Platinum
  • Spawn Location: 11:00

asdfghgghjdh

  • Race: Terran Terran
  • League: Silver
  • Spawn Location: 5:00

VOD

https://youtu.be/gdMm_YgdkPw

Description

If there's one thing I've learned, it's to never underestimate an opponent with a Silver League border.

Once I encountered that first Widow Mine, I knew right away my opponent was more experienced than that border would imply, and his drop tactics and general strategy confirmed this. I assume by the rather random name that this is simply a smurf account taking advantage of StarCraft II's recent free-to-play status.

One thing that was odd though was that even though my opponent is apparently in Silver League Tier 1, his MMR is that of Platinum League Tier 3, and I'm not sure why his account has not been promoted.

Regardless, this was a great match and I always love it when I get to break out High Templar. I took my past lessons to heart and teched much better this time, though I still made some mistakes.

As usual I forgot about Mass Recall entirely, and while I was pleased with my macro in terms of securing additional bases, and in taking it slow, defensive, and bleeding my opponent dry, I certainly could have used more production facilities (Gateways in particular and I should have gotten a second Robotics Facility sooner) and a second Forge wouldn't have hurt. Same with getting Air upgrades since I was using Phoenixes for, well, the first real time ever.

Regardless, a great learning match for me.

Time

  • Played on: Feb. 1, 2018, 6:56 p.m.
  • Length: 22:46
Show
View Real Time Build Order
Export as new Build Order

Juxtapose Protoss - Winner!

Build Orders: Oracle Opening 

Get SALT Encoding   

  12  0:01  Probe  
  13  0:13  Probe  
  14  0:21  Pylon  
  14  0:25  Probe  
  15  0:39  Probe  
  15  0:41  Gateway  
  16  0:51  Probe  
  16  0:54  Assimilator  
  17  1:04  Pylon, Probe  
  18  1:15  Assimilator  
  18  1:16  Probe  
  19  1:28  Probe  
  22  1:38  Cybernetics Core  
  20  1:40  Probe, Zealot  
  23  1:52  Probe  
  24  1:58  Pylon  
  24  2:04  Probe  
  25  2:15  Warp Gate  
  25  2:19  Stargate  
  25  2:22  Pylon  
  25  2:47  Shield Battery  
  25  2:54  Adept  
  27  2:59  Oracle (Chrono Boost)  
  30  3:07  Forge  
  30  3:21  Nexus  
  30  3:39  Gateway  
  30  3:41  Photon Cannon  
  30  3:51  Probe  
  31  4:00  Pylon  
  31  4:03  Probe  
  29  4:19  Probe  
  29  4:22  Pylon  
  30  4:27  Gateway  
  30  4:32  Probe, Stalker  
  30  4:36  Probe  
  34  4:44  Probe  
  35  4:48  Probe  
  36  4:56  Probe  
  36  4:58  Pylon  
  37  5:00  Probe  
  37  5:02  Void Ray (Chrono Boost)  
  42  5:16  Probe x2  
  42  5:19  Assimilator  
  44  5:22  Assimilator  
  44  5:24  Photon Cannon  
  44  5:30  Shield Battery  
  44  5:32  Stalker  
  44  5:35  Adept  
  46  5:48  Zealot  
  38  6:01  Adept x2  
  36  6:15  Probe x2  
  36  6:16  Protoss Ground Weapons Level 1 (Chrono Boost)  
  38  6:21  Adept, Stalker  
  38  6:24  Phoenix  
  44  6:27  Probe x2  
  46  6:40  Robotics Facility  
  46  6:43  Pylon  
  43  6:59  Zealot  
  43  7:00  Zealot x2  
  44  7:17  Phoenix  
  46  7:26  Probe x2  
  45  7:34  Phoenix, Immortal (Chrono Boost)  
  45  7:35  Stalker x2  
  49  7:38  Probe x2  
  57  7:50  Probe x2  
  59  8:03  Robotics Bay, Probe  
  60  8:06  Observer (Chrono Boost)  
  60  8:12  Stalker  
  63  8:15  Probe  
  63  8:16  Probe  
  63  8:18  Immortal (Chrono Boost)  
  69  8:27  Probe  
  70  8:41  Stalker  
  72  8:42  Adept  
  72  8:43  Nexus  
  74  8:49  Twilight Council  
  74  8:56  Extended Thermal Lance (Chrono Boost)  
  74  9:04  Probe x2  
  76  9:12  Pylon  
  76  9:14  Pylon  
  76  9:16  Protoss Ground Armor Level 1 (Chrono Boost)  
  76  9:28  Immortal  
  80  9:32  Probe x2  
  82  9:41  Pylon  
  82  9:44  Probe x2  
  82  9:45  Charge (Chrono Boost)  
  84  9:52  Zealot x3  
  86  10:15  Stalker x2  
  86  10:16  Colossus (Chrono Boost), Stalker  
  98  10:38  Stalker  
  98  10:39  Stalker  
  96  10:54  Stalker  
  95  11:08  Colossus (Chrono Boost)  
  97  11:18  Stalker x3  
  93  11:23  Probe x3  
  98  11:35  Probe x2  
  98  11:39  Pylon  
  98  11:54  Assimilator  
  98  11:56  Assimilator  
  98  11:58  Colossus (Chrono Boost)  
  98  11:59  Phoenix  
  106  12:03  Photon Cannon  
  102  12:18  Zealot x2, Stalker  
  108  12:24  Phoenix  
  110  12:31  Gateway  
  110  12:32  Gateway  
  110  12:35  Immortal (Chrono Boost)  
  114  12:49  Phoenix  
  114  12:50  Protoss Ground Weapons Level 2  
  116  13:05  Probe  
  116  13:07  Immortal (Chrono Boost)  
  121  13:14  Phoenix  
  121  13:17  Probe  
  118  13:27  Zealot, Stalker x2  
  118  13:30  Probe  
  123  13:43  Immortal (Chrono Boost)  
  127  13:52  Templar Archives  
  127  13:54  Pylon  
  126  13:55  Pylon  
  123  14:08  Zealot x2  
  123  14:09  Zealot  
  129  14:16  Observer  
  130  14:20  Psionic Storm  
  130  14:24  Nexus  
  130  14:27  Photon Cannon  
  130  14:29  Pylon  
  130  14:32  Pylon  
  130  14:35  High Templar x3  
  136  14:51  Zealot x2  
  140  15:06  Protoss Ground Armor Level 2  
  140  15:20  Probe x2  
  140  15:21  Probe  
  143  15:24  Zealot x3  
  149  15:33  Observer Gravitic Boosters  
  149  15:37  High Templar x2  
  153  15:56  Shield Battery  
  153  15:58  Shield Battery  
  153  16:01  Probe x3, Assimilator  
  156  16:05  Assimilator  
  156  16:16  Zealot  
  156  16:17  Zealot x3  
  156  16:18  Zealot  
  88  17:07  Zealot  
  88  17:08  Zealot x2  
  82  17:09  Immortal (Chrono Boost), Stalker x2  
  82  17:15  Phoenix  
  74  17:22  Photon Cannon  
  74  17:26  Photon Cannon  
  74  17:28  Stalker x2  
  74  17:29  Stalker  
  80  17:38  Colossus (Chrono Boost), Zealot x2  
  80  17:40  Phoenix  
  92  17:52  High Templar x2  
  92  17:53  High Templar  
  98  17:59  High Templar x2  
  98  18:05  Phoenix  
  104  18:11  Robotics Facility  
  104  18:24  Colossus  
  110  18:30  Phoenix  
  108  19:03  Nexus  
  98  19:18  Colossus (Chrono Boost)  
  88  19:32  High Templar x3  
  88  19:33  Zealot x2  
  102  19:57  Protoss Ground Armor Level 3  
  102  20:01  Stalker x2, Immortal (Chrono Boost)  
  102  20:04  Colossus (Chrono Boost)  
  112  20:10  Pylon  
  112  20:13  Pylon  
  112  20:17  Pylon  
  112  20:24  Probe  
  112  20:26  Stalker x2  
  112  20:27  Zealot x2  
  112  20:28  Zealot  
  123  20:31  Immortal  
  127  20:36  Probe  
  128  20:48  Probe  
  129  21:04  Stalker x2  
  129  21:05  Zealot, Stalker  
  129  21:07  High Templar  
  129  21:09  Void Ray (Chrono Boost)  
  139  21:13  Immortal (Chrono Boost)  
  139  21:14  Immortal (Chrono Boost)  
  151  21:41  Assimilator  
  151  21:45  Void Ray  
  151  21:46  Shield Battery, Assimilator  
  155  21:47  Shield Battery  
  155  21:48  Photon Cannon  
  121  22:10  Zealot  
  121  22:11  Zealot, Stalker  
  121  22:12  High Templar, Stalker  
Show
View Real Time Build Order
Export as new Build Order

asdfghgghjdh Terran 

Build Orders: MMM Bio 

Get SALT Encoding   

  12  0:09  Supply Depot  
  12  0:15  SCV  
  13  0:28  SCV  
  14  0:34  Barracks  
  14  0:40  SCV  
  15  0:46  Refinery  
  15  0:52  SCV  
  16  1:04  SCV  
  17  1:14  Barracks  
  17  1:16  SCV  
  18  1:25  Supply Depot  
  18  1:40  Marine  
  18  1:41  SCV  
  20  1:53  SCV  
  21  1:57  Marine  
  22  2:03  Factory, Marine  
  22  2:15  Marine  
  22  2:17  Refinery  
  22  2:21  Marine, SCV  
  25  2:33  Marine, SCV  
  27  2:38  Supply Depot  
  27  2:39  Marine  
  28  2:51  Starport  
  28  2:56  Widow Mine  
  30  3:00  Barracks Tech Lab  
  30  3:03  Marine  
  31  3:15  Orbital Command  
  31  3:21  Marine  
  31  3:26  Widow Mine  
  34  3:29  Medivac  
  36  3:38  Marine  
  37  3:42  Stimpack  
  37  3:44  SCV  
  38  3:57  Supply Depot  
  38  4:04  SCV  
  38  4:19  Widow Mine  
  38  4:20  SCV  
  38  4:22  Medivac  
  43  4:27  Supply Depot  
  43  4:28  Marine  
  43  4:29  Marine  
  45  4:35  Liberator  
  45  4:40  Factory Tech Lab  
  45  4:47  Marine  
  45  4:48  Marine  
  50  5:02  Siege Tank  
  50  5:06  Marine  
  54  5:13  Supply Depot  
  54  5:35  Marauder  
  45  6:18  Marine, Medivac  
  47  6:20  Marauder  
  47  6:24  Barracks  
  47  6:25  Barracks  
  50  6:28  Command Center  
  50  6:30  Engineering Bay x2  
  50  6:36  Marine  
  51  7:09  Terran Infantry Weapons Level 1, Terran Infantry Armor Level 1  
  51  7:19  Barracks Reactor x2  
  51  7:21  Widow Mine  
  53  7:34  Medivac  
  52  7:42  Widow Mine  
  54  7:47  Liberator  
  54  7:54  Barracks Reactor  
  54  8:04  Marine x2, Marauder, Siege Tank  
  64  8:13  SCV  
  64  8:18  Marine x2  
  67  8:26  SCV  
  68  8:27  Armory  
  68  8:36  Widow Mine  
  68  8:38  SCV  
  71  8:46  Marine, Marauder  
  74  8:49  Marine x2  
  74  8:50  SCV  
  74  8:55  Marine  
  78  8:58  Combat Shields  
  78  9:05  Supply Depot  
  78  9:08  Supply Depot  
  78  9:09  Orbital Command  
  78  9:22  Liberator  
  78  9:26  Marine x7  
  85  9:35  SCV  
  86  9:44  Marine x3  
  86  9:45  Marauder  
  94  10:08  SCV  
  94  10:25  SCV  
  91  10:37  SCV  
  90  10:49  SCV  
  86  11:01  Marine x6, Marauder  
  91  11:10  Liberator  
  72  11:18  Marine  
  72  11:19  Marine x4  
  72  11:22  Marauder  
  72  11:25  Siege Tank  
  83  11:34  Starport  
  83  11:39  SCV  
  84  11:43  Marauder  
  85  11:48  Command Center  
  85  11:51  SCV  
  85  11:52  Marine x2  
  85  11:53  Marine x4, Liberator  
  92  12:03  SCV  
  92  12:04  Siege Tank  
  92  12:05  Marauder  
  87  12:10  Marine x2  
  87  12:14  Starport Reactor  
  87  12:15  SCV  
  90  12:26  Marauder  
  90  12:27  Refinery, SCV  
  90  12:28  Refinery  
  93  12:31  Marine  
  93  12:34  Concussive Shells  
  94  12:39  Marine  
  94  13:04  Supply Depot  
  94  13:05  Supply Depot  
  94  13:07  Marine  
  94  13:08  Viking x2, Marauder, SCV  
  94  13:09  Marine x3  
  105  13:20  SCV  
  103  13:32  SCV  
  103  13:33  Starport Tech Lab  
  97  13:38  Fusion Core, Viking x2  
  101  13:42  Command Center  
  101  13:44  SCV  
  102  13:56  SCV  
  102  13:58  Supply Depot  
  102  13:59  Marine x4, Supply Depot x2, Marauder, Liberator  
  102  14:00  Marine x2  
  111  14:08  SCV  
  112  14:15  Viking x2  
  117  14:20  SCV  
  117  14:21  Marine x3, Marauder  
  123  14:27  Advanced Ballistics  
  123  14:42  Liberator  
  123  14:50  Viking x2  
  130  15:02  Marauder  
  130  15:03  Marine x2  
  130  15:04  Marine x4  
  138  15:12  Supply Depot  
  138  15:14  Supply Depot x2  
  138  15:15  Siege Tank  
  141  15:21  Marine x3  
  141  15:22  Marine x3  
  141  15:24  Marauder  
  149  15:56  SCV  
  150  16:08  SCV  
  150  16:10  Marine x5, Marauder  
  150  16:11  Marine  
  159  16:13  Widow Mine  
  161  16:20  SCV  
  162  16:31  Marauder  
  125  16:33  SCV  
  96  16:40  Marine  
  96  16:41  Marine x4  
  96  16:45  SCV  
  92  16:52  Marauder  
  69  17:22  Marine x2, Marauder  
  71  17:23  Marine x2  
  62  17:41  Liberator  
  62  17:43  Command Center, Viking  
  64  17:44  Marauder  
  64  17:54  Widow Mine  
  69  18:15  Widow Mine  
  69  18:18  Medivac  
  69  18:19  Medivac  
  75  18:24  Liberator  
  73  18:36  Widow Mine  
  73  18:38  Marine x4, Marauder  
  73  18:39  Marine x2  
  86  18:48  Medivac  
  86  18:49  Medivac  
  67  19:20  Marine x3, Marauder  
  67  19:21  Marine  
  66  19:42  Marauder  
  66  19:44  Marine x3  
  71  20:01  Command Center  
  71  20:03  Marauder  
  73  20:11  Marine x3  
  76  20:22  Orbital Command, Widow Mine  
  78  20:41  Marine x2  
  78  20:42  Marine  
  81  20:43  Marauder, Widow Mine  
  83  21:20  Planetary Fortress  
  83  21:45  Viking x2  
  32  22:10  Orbital Command  
  32  22:12  SCV  
  23  22:24  SCV  
Tags
 
Add a new tag
Caveats
  • Supply blocks, unpowered buildings, or Contaminate may cause inaccurate times.
  • Supply counts are checked every 10 seconds.